 Dungeon Crawl Stone Soup version 0.26-b1-32-g5d43845318 (webtiles) character file.

Game seed: 17607268941104333280

154 Borgoz the Ruffian (level 5, 0/45 HPs)
             Began as a Ghoul Gladiator on Jan 13, 2021.
             Slain by an orc wizard
             ... wielding a +0 dagger
              (2 damage)
             ... on level 3 of the Dungeon.
             The game lasted 00:01:36 (1756 turns).

Borgoz the Ruffian (Ghoul Gladiator)                Turns: 1756, Time: 00:01:37

Health: 0/45       AC:  7    Str: 18    XL:     5   Next: 36%
Magic:  4/4        EV: 13    Int:  3    God:
Gold:   160        SH:  0    Dex: 11    Spells: 4/4 levels left

rFire    . . .     SeeInvis .     - Unarmed
rCold    + . .     Faith    .   (no shield)
rNeg     + + +     Spirit   .   a - +0 leather armour
rPois    ∞         Reflect  .   b - +0 helmet
rElec    .         Harm     .   f - +2 cloak
rCorr    .         Rampage  .   (no gloves)
Will     .....                  (no boots)
Stlth    +.........             (no amulet)
HPRegen  0.00/turn              (no ring)
MPRegen  0.09/turn              (no ring)

@: hasted, very quick
A: claws 1, cold resistance 1, negative energy resistance 3, inhibited
regeneration, torment resistance, unbreathing
a: no special abilities


You were on level 3 of the Dungeon.
You visited 1 branch of the dungeon, and saw 3 of its levels.

You collected 160 gold pieces.

Inventory:

Missiles
 c - 3 throwing nets (quivered)
Armour
 a - a +0 leather armour (worn)
 b - a +0 helmet (worn)
 f - a +2 cloak (worn)
Wands
 i - a wand of random effects (18)
 k - a wand of flame (12)
Scrolls
 d - 3 scrolls of remove curse {unknown}
 g - 4 scrolls of teleportation {unknown}
 j - 2 scrolls of identify {unknown}
 m - a scroll of blinking {unknown}
 o - a scroll of magic mapping {unknown}
Potions
 h - a potion of attraction {unknown}
 l - a potion of ambrosia {unknown}
 n - a potion of heal wounds {unknown}


   Skills:
 + Level 3.5 Fighting
 - Level 1.9 Throwing
 + Level 1.7 Armour
 + Level 3.5 Dodging
 + Level 4.2 Unarmed Combat


You had 4 spell levels left.
You didn't know any spells.
Your spell library was empty.

Dungeon Overview and Level Annotations

Branches:
Dungeon (3/15)

Altars:
Cheibriados
Hepliaklqana
Ru
Uskayaw


Innate Abilities, Weirdness & Mutations

You thrive by killing the living.
You are immune to poison.
You have sharp fingernails.
Your flesh is cold resistant. (rC+)
You are immune to negative energy. (rN+++)
You do not regenerate when monsters are visible.
You are immune to unholy pain and torment.
You can survive without breathing.


Message History

* * * LOW HITPOINT WARNING * * *
Items here: ))) [[[.
You scratch the orc wizard.
The orc wizard is moderately wounded.
The orc wizard gestures at you while chanting.
The magic dart hits you!
* * * LOW HITPOINT WARNING * * *
You scratch the orc wizard.
The orc wizard is moderately wounded.
The orc wizard hits you but does no damage.
You scratch the orc wizard.
The orc wizard is severely wounded.
The orc wizard hits you but does no damage.
The orc wizard hits you with a +0 dagger.
* * * LOW HITPOINT WARNING * * *
An orc priest comes into view. It is wielding a +0 short sword.
It was a potion of haste.
You feel yourself speed up.
The orc priest shouts!
The orc wizard hits you with a +0 dagger.
You die...

........# ##.#
#..# ..<.....#
#..# #..#
.#......###.##
#..#
...#.....##.#
#..#
)##.##...##.#
#..#
.#.⌠.#......#
#..##
†##†##.>....#
#...#
.).#.......##
#o#.#
..)...<..###
#@#.#
..†......#
#.#.#
............#
#.#.#
.......####...
o.# .......#
#. ###
########


You could see an orc priest and an orc wizard (fast).

Vanquished Creatures
  An orc priest (D:3)
  3 gnolls (D:3)
  3 adders
  An ooze (D:1)
  A worm (D:2)
  5 dart slugs
  2 orcs (D:3)
  A ball python (D:3)
  9 bats
  A giant cockroach (D:1)
  6 goblins
  5 hobgoblins
  4 kobolds
  A quokka (D:2)
  5 frilled lizards
  A quokka skeleton (D:3)
  7 rats
56 creatures vanquished.

Notes
Turn   | Place    | Note
-------+----------+-------------------------------------------
     0 | D:1      | Borgoz the Ghoul Gladiator began the quest for the Orb.
     0 | D:1      | Reached XP level 1. HP: 17/17 MP: 0/0
   130 | D:1      | Reached XP level 2. HP: 25/25 MP: 1/1
   426 | D:1      | Found a snail-covered altar of Cheibriados.
   491 | D:1      | Reached XP level 3. HP: 30/30 MP: 2/2
   707 | D:2      | Found a hide-covered altar of Uskayaw.
   800 | D:2      | Reached skill level 1 in Armour
  1015 | D:2      | Found a sacrificial altar of Ru.
  1024 | D:2      | Reached XP level 4. HP: 32/37 MP: 3/3
  1077 | D:2      | Found a hazy altar of Hepliaklqana.
  1274 | D:2      | Noticed a +0 hand axe
  1274 | D:2      | Noticed a +0 dagger
  1551 | D:3      | Reached skill level 4 in Unarmed Combat
  1660 | D:3      | Reached XP level 5. HP: 45/45 MP: 4/4
  1755 | D:3      | HP: 2/45 [orc wizard/+0 dagger (3)]
  1756 | D:3      | Slain by an orc wizard

Illustrated notes

Levels and vault maps discovered:
D:1:      heliophobic_arrival_henge, layout_loops_ring, cheibriados_altar_1
D:2:      layout_loops_ring, lemuel_doored_altar, dancing_weapons_uskayaw,
          nicolae_ru_sacrificial_ziggurat
D:3:      layout_loops_ring, gammafunk_ghost_necromancy, grunt_decor_one_mirror,
          dk_noncrumbling_3, minmay_misc_feat_plants

Skill      XL: |  1  2  3  4 |
---------------+-------------+-----
Dodging        | 3 |  3.5
Armour         | 1 |  1.7
Fighting       | 3 |  3.5
Unarmed Combat | 4 |  4.2
Throwing       | |  1.9

Action                   |  1- 3 |  4- 6 || total
-------------------------+-------+-------++-------
Melee: Unarmed           |    84 |   104 ||   188
       Punch             |     3 |       ||     3
  Use: Potion            |       |     1 ||     1
Armor: Leather armour    |    38 |    33 ||    71
Dodge: Dodged            |    38 |    72 ||   110
